 Dungeon Crawl Stone Soup version 0.28.0-43-g3370ac3207 (webtiles) character file.

Game seed: 674453988416193058

17169 pkoi the Martial Artist (level 11, -2/91 (94) HPs)
             Began as a Demigod Gladiator on Mar 25, 2022.
             Slain by a freezing wraith (17 damage)
             ... on level 2 of the Abyss.
             The game lasted 00:29:40 (17829 turns).

pkoi the Martial Artist (Demigod Gladiator)        Turns: 17829, Time: 00:29:41

HP:   -2/91 (94)    AC: 16    Str: 18    XL:     11   Next: 88%
MP:   0/24          EV: 19    Int: 22    God:
Gold: 454           SH:  5    Dex: 15    Spells: 6/16 levels left

rFire   + . .      SeeInvis .     - Unarmed
rCold   . . .      Faith    .   (no shield)
rNeg    . . .      Spirit   +   H - +4 moon troll leather armour {Spirit, Regen++ MP+5}
rPois   .          Reflect  +   b - +1 helmet
rElec   .          Harm     .   (no cloak)
rCorr   .          Rampage  .   y - +2 pair of gloves {Str+3}
Will    +....      Rage     3%  (no boots)
Stlth   +.........              o - amulet of reflection
HPRegen 1.85/turn               p - +4 ring of evasion
MPRegen 0.19/turn               j - ring of protection from fire

@: on berserk cooldown, hasted and slowed, lightly drained
A: high MP 1, forlorn, divine attributes, iridescent scales 1, passive freeze,
[berserk 2]
a: no special abilities


You were on level 2 of the Abyss.
You visited 3 branches of the dungeon, and saw 14 of its levels.
You visited the Abyss 1 time.
You also visited: Volcano.

You collected 811 gold pieces.
You spent 357 gold pieces at shops.

Inventory:

Missiles
 c - 4 throwing nets
 F - 23 poisoned darts (quivered)
Armour
 b - a +1 helmet (worn)
 y - a +2 pair of gloves of strength (worn)
 H - the +4 moon troll leather armour (worn) {Spirit, Regen++ MP+5}
   (You found it on level 8 of the Dungeon)

   MP:        It affects your magic capacity (+5).
   Regen:     It increases your rate of health regeneration.
Jewellery
 j - a ring of protection from fire (right hand)
 o - an amulet of reflection (around neck)
 p - a +4 ring of evasion (left hand)
 C - a ring of flight
Wands
 d - a wand of iceblast (4)
 s - a wand of paralysis (2)
 w - a wand of polymorph (6)
 x - a wand of digging (3)
Scrolls
 a - 2 scrolls of holy word
 e - 5 scrolls of teleportation
 f - a scroll of enchant armour
 g - a scroll of brand weapon
 l - a scroll of magic mapping
 r - 2 scrolls of blinking
 t - 2 scrolls of enchant weapon
 u - a scroll of fog
 v - 2 scrolls of silence
 A - a scroll of summoning
 B - 2 scrolls of identify
 D - 3 scrolls of amnesia
Potions
 h - a potion of might
 i - 4 potions of curing
 k - a potion of invisibility
 n - 2 potions of magic
Miscellaneous
 I - a phial of floods


   Skills:
 + Level 8.0 Fighting
 - Level 1.7 Throwing
 - Level 6.0 Armour
 + Level 8.0 Dodging
 * Level 11.5 Unarmed Combat
 + Level 3.1 Spellcasting
 + Level 7.1 Ice Magic


You had 6 spell levels left.
You knew the following spells:

 Your Spells              Type           Power      Damage    Failure   Level
a - Ozocubu's Armour      Ice            34%        N/A       2%          3
b - Ozocubu's Refrigerat  Ice            17%        4d8       99%         7

Your spell library contained the following spells:

 Spells                   Type           Power      Damage    Failure   Level
 Magic Dart               Conj           12%        1d3       14%         1
 Summon Small Mammal      Summ           12%        N/A       14%         1
 Searing Ray              Conj           6%         2d4       22%         2
 Call Canine Familiar     Summ           3%         N/A       38%         3
 Confusing Touch          Hex            3%         N/A       38%         3
 Ignite Poison            Fire/Tmut/Pois 3%         N/A       38%         3
 Mephitic Cloud           Conj/Pois/Air  3%         N/A       38%         3
 Summon Guardian Golem    Hex/Summ       3%         N/A       38%         3
 Metabolic Englaciation   Hex/Ice        9%         N/A       65%         5
 Fulminant Prism          Conj/Hex       1%         3d6       80%         4
 Petrify                  Tmut/Erth      3%         N/A       80%         4
 Freezing Cloud           Conj/Ice/Air   6%         6-21      83%         5
 Yara's Violent Unravell  Hex/Tmut       1%         3d3       98%         5
 Statue Form              Tmut/Erth      2%         N/A       100%        6
 Enfeeble                 Hex            1%         N/A       100%        7


Dungeon Overview and Level Annotations

Branches:
Dungeon (10/15)            Temple (1/1) D:6            Lair (3/6) D:10
    Orc (0/2) D:9         Volcano (visited)
  Swamp: Lair:2-4    Shoals: Lair:2-4     Snake: Lair:2-4    Spider: Lair:2-4

Shops:
D:1 [   D:6 [(   D:9 (

Annotations:
D:7 3 runed translucent doors, choreboyy's ghost, novice DrWn
D:8 3 runed translucent doors, terff's ghost, novice OpBr


Innate Abilities, Weirdness & Mutations

You have an increased reservoir of magic. (+10% MP)
You shall have no god before yourself.
Your divine heritage dramatically boosts your attributes as you level up.
You are partially covered in iridescent scales. (AC +2)
A frigid envelope surrounds you and freezes all who hurt you.
[You often lose your temper in combat.]


Message History

* * * LOW HITPOINT WARNING * * *
You blink.
You feel a strong urge to attack something.
You miss something. Something barely misses you.
Something tramples you but does no damage.
The raiju bursts into living lightning!
The living lightning misses you.
The raiju blinks! x2
Unknown command.
Something tramples you!
* * * LOW HITPOINT WARNING * * *
You hold your ground!
Something tramples you but does no damage.
You punch something!
Reactivating autopickup.
You pummel the raiju!!
The raiju is severely wounded.
You punch the raiju!
You kill the raiju!
That felt strangely unrewarding.
You pummel the apocalypse crab!!
The apocalypse crab is almost dead.
You punch the apocalypse crab!
You kill the apocalypse crab!
That felt strangely unrewarding.
The freezing wraith barely misses you. x2
You see here a raiju corpse.
You punch the freezing wraith!
The freezing wraith is moderately damaged.
You hit the freezing wraith. You punch the freezing wraith!
The freezing wraith is severely damaged.
You are no longer berserk.
You are exhausted.
You feel yourself slow down. You block the freezing wraith's attack.
The freezing wraith misses you.
You barely miss the freezing wraith.
The freezing wraith is severely damaged.
The freezing wraith hits you.
* * * LOW HITPOINT WARNING * * *
The freezing wraith freezes you!!
You die...

. ......#. #
###..##.#.. .##.
.........####....#
## #.#..##..##..#
# .. #...###..# #.
#.#.......# .
#......#.#. . #
##...W..## . #
#..##@# ## ##.
#.#...# # . .. ..
....##..#.. .. .#
#.#.#.# #### ...##
# ..##.. . # ...
.. .. # #.#. . .#
. # # . . . #. ##
. # . # # .


You could see a freezing wraith.

Vanquished Creatures
  A tengu warrior (D:10)
  A thrashing horror (Abyss:2)
  Nergalle (Lair:1)
  A salamander mystic (Volcano)
  A sixfirhy (Abyss:2)
  Pikel (D:8)
  4 cyclopes
  3 salamanders (Volcano)
  An apocalypse crab (Abyss:2)
  4 gargoyles
  A smoke demon (Abyss:2)
  2 molten gargoyles (Volcano)
  2 komodo dragons
  Maggie (D:8)
  A tengu conjurer (D:10)
  2 trolls
  A polar bear (Lair:1)
  A hornet (D:9)
  5 raiju (Abyss:2)
  8 blink frogs (Lair:1)
  A shadow (D:10)
  A ynoxinul (Abyss:2)
  Sigmund (D:5)
  A wyvern (Lair:2)
  Eustachio (D:5)
  6 yaks
  Grum (Lair:1)
  3 small abominations (Abyss:2)
  3 steam dragons
  4 vampire mosquitoes (D:10)
  2 water moccasins
  3 sky beasts
  An ice beast (D:5)
  7 orc warriors
  A black bear (Lair:1)
  2 wolves (Lair:1)
  2 ogres
  4 centaurs
  2 lemures (D:8)
  2 phantoms (D:4)
  2 kobold brigands
  Blork the orc (D:5)
  6 bullfrogs
  A gnoll sergeant (D:8)
  3 scorpions
  A wyvern zombie (D:8)
  A wight (Abyss:2)
  4 howler monkeys (D:8)
  A bullfrog zombie (D:5)
  An electric eel (D:10)
  A jelly (D:7)
  4 centaur zombies
  2 orc priests (D:6)
  5 hounds
  5 iguanas
  12 orc wizards
  2 scorpion zombies (D:5)
  A killer bee zombie (D:7)
  A howler monkey zombie (D:8)
  5 gnolls
  11 adders
  10 river rats (D:5)
  3 white imps (D:6)
  2 ufetubi
  2 adder skeletons (D:4)
  An adder zombie (D:5)
  A worm (D:3)
  2 dart slugs
  42 orcs
  8 ball pythons
  6 bats
  4 endoplasms
  A giant cockroach (D:1)
  3 hobgoblins
  10 quokkas
  A frilled lizard (D:1)
  10 goblins
  15 kobolds
  18 rats
299 creatures vanquished.

Vanquished Creatures (others)
  A fungus (Lair:2)
  36 plants
37 creatures vanquished.

Grand Total: 336 creatures vanquished

Notes
Turn   | Place    | Note
-------+----------+-------------------------------------------
     0 | D:1      | pkoi the Demigod Gladiator began the quest for the Orb.
     0 | D:1      | Reached XP level 1. HP: 17/17 MP: 3/3
   359 | D:1      | Reached skill level 3 in Unarmed Combat
   637 | D:1      | Reached XP level 2. HP: 19/24 MP: 4/4
   989 | D:1      | Found Vaufaapn's Antique Armour Emporium.
  2090 | D:2      | Reached XP level 3. HP: 27/30 MP: 5/5
  2564 | D:2      | Gained mutation: A frigid envelope surrounds you and
                  | freezes all who hurt you. [potion of mutation]
  2564 | D:2      | Gained mutation: You are partially covered in iridescent
                  | scales. (AC +2) [potion of mutation]
  3319 | D:3      | Reached skill level 4 in Unarmed Combat
  3515 | D:3      | Reached XP level 4. HP: 34/37 MP: 6/6
  4417 | D:4      | Noticed a phantom
  4776 | D:4      | Reached XP level 5. HP: 26/45 MP: 7/7
  4964 | D:4      | Reached skill level 1 in Armour
  5016 | D:4      | Reached skill level 5 in Unarmed Combat
  5597 | D:4      | Reached XP level 6. HP: 51/51 MP: 8/8
  5601 | D:4      | Learned a level 3 spell: Ozocubu's Armour
  5826 | D:5      | Entered Level 5 of the Dungeon
  6280 | D:5      | Reached skill level 1 in Ice Magic
  6282 | D:5      | Reached skill level 1 in Spellcasting
  6297 | D:5      | Reached XP level 7. HP: 49/58 MP: 11/11
  6590 | D:5      | Noticed Blork the orc
  6610 | D:5      | Killed Blork the orc
  6838 | D:5      | Noticed Sigmund
  6854 | D:5      | Killed Sigmund
  6948 | D:5      | Reached skill level 6 in Unarmed Combat
  7007 | D:5      | Noticed Eustachio
  7511 | D:5      | Killed Eustachio
  7512 | D:5      | Reached XP level 8. HP: 53/67 MP: 12/14
  8209 | D:6      | Found Suteseu's Weapon Shop.
  8239 | D:6      | Identified the +0 leather armour "Yris Meh" {Int+2 Dex+3}
  8529 | D:6      | Reached skill level 7 in Unarmed Combat
  8930 | D:6      | Found a staircase to the Ecumenical Temple.
  8939 | Temple   | Entered the Ecumenical Temple
  9379 | D:6      | Reached skill level 5 in Fighting
  9385 | D:6      | HP: 2/68 [orc warrior/+0 halberd (15)]
  9915 | D:6      | Found Zaggep's Armour Shoppe.
  9921 | D:6      | Bought a +1 hat for 121 gold pieces
  9921 | D:6      | Bought a +2 pair of gloves of strength for 236 gold pieces
 10736 | D:7      | Found a runed translucent gate.
 10736 | D:7      | Found a runed translucent gate.
 10738 | D:7      | Identified the +10 plate armour "Earthly Heaven" {*Corrode
                  | +Inv Will+ Str+3}
 10739 | D:7      | Found a runed translucent gate.
 10741 | D:7      | Noticed choreboyy's ghost (novice DrWn)
 10908 | D:7      | Reached XP level 9. HP: 74/74 MP: 15/17
 10928 | D:7      | Reached skill level 5 in Dodging
 11216 | D:7      | Noticed a gargoyle
 11223 | D:7      | Killed a gargoyle
 11715 | D:8      | Reached skill level 8 in Unarmed Combat
 11872 | D:8      | Found a runed translucent gate.
 11873 | D:8      | Found a runed translucent gate.
 11881 | D:8      | Found a runed translucent gate.
 11881 | D:8      | Noticed terff's ghost (novice OpBr)
 11886 | D:8      | Noticed Maggie
 11908 | D:8      | Killed Maggie
 12881 | D:8      | Found the +4 moon troll leather armour {Spirit, Regen++
                  | MP+5}
 13198 | D:8      | Noticed Pikel
 13206 | D:8      | Killed Pikel
 13207 | D:8      | Reached skill level 9 in Unarmed Combat
 13207 | D:8      | Reached XP level 10. HP: 72/83 MP: 18/18
 13381 | D:8      | Reached skill level 5 in Ice Magic
 13990 | D:9      | Found Huubacle's Weapon Shoppe.
 14367 | D:9      | Found a staircase to the Orcish Mines.
 14405 | D:10     | Entered Level 10 of the Dungeon
 14453 | D:10     | Noticed a tengu warrior
 14458 | D:10     | Killed a tengu warrior
 14507 | D:10     | Found a staircase to the Lair.
 14627 | D:10     | Reached skill level 10 in Unarmed Combat
 14971 | D:10     | Noticed a cyclops
 14993 | D:10     | Killed a cyclops
 15430 | D:10     | Reached XP level 11. HP: 92/92 MP: 19/19
 15734 | Lair:1   | Entered Level 1 of the Lair of Beasts
 15760 | Lair:1   | Noticed Grum
 15778 | Lair:1   | Killed Grum
 15883 | Lair:1   | Reached skill level 5 in Armour
 16105 | Lair:1   | Noticed Nergalle
 16126 | Lair:1   | Killed Nergalle
 16802 | Lair:2   | You fall into a shaft and drop 1 floor!
 16812 | Lair:3   | Found a dark tunnel.
 16815 | Volcano  | Entered a volcano
 16892 | Volcano  | Reached skill level 11 in Unarmed Combat
 17190 | Volcano  | Noticed a salamander mystic
 17204 | Volcano  | Killed a salamander mystic
 17296 | Volcano  | Noticed a wizard
 17459 | Volcano  | Noticed an orb of fire
 17490 | Volcano  | Learned a level 7 spell: Ozocubu's Refrigeration
 17495 | Volcano  | Cast into level 2 of the Abyss (a wizard)
 17566 | Abyss:2  | Noticed a thrashing horror
 17622 | Abyss:2  | Noticed a wretched star
 17745 | Abyss:2  | Noticed a wretched star
 17774 | Abyss:2  | Noticed a thrashing horror
 17783 | Abyss:2  | Noticed a sixfirhy
 17788 | Abyss:2  | Killed a sixfirhy
 17821 | Abyss:2  | Killed a thrashing horror
 17829 | Abyss:2  | Slain by a freezing wraith

Illustrated notes

Levels and vault maps discovered:
D:1:      eino_arrival_water_star, layout_loops_ring,
          ebering_ecumenical_altar_rust, serial_shops, nicolae_shop_behind_doors
D:2:      layout_basic, minmay_misc_feat_square
D:3:      layout_basic
D:4:      wad_woods_pond, layout_basic, overflow_temple_1_default,
          minmay_misc_feat_alley, minmay_crystal_room, grunt_tough_drop
D:5:      lemuel_ratsnest, layout_basic, minmay_misc_feat_pillars,
          uniq_blork_the_orc, uniq_sigmund, uniq_eustachio
D:6:      hangedman_cross_stitches, layout_loops_ring,
          nicolae_tso_swordbearing_angel, minmay_temple_entry_sparse_star,
          serial_shops, kennysheep_mini_moat, nicolae_shop_stone
D:7:      lemuel_ice_spiral_2, layout_basic,
          beargit_hepliaklqana_dungeon_heroes, biasface_ghost_orc_armoury
D:8:      layout_loops_cross, kennysheep_little_box, minitemple,
          ebering_ghost_rock_garden, minmay_checkerbox, uniq_pikel, uniq_maggie
D:9:      layout_long_grid, hiddenorc1_lemuel, serial_shops, shop, centaur_isle
D:10:     layout_grid_maze, dpeg_oklobed_lair, amcnicky_mini_pool_medium
Temple:   minmay_temple_curvy_loop
Lair:1:   layout_hall_layers, ldierk_geyser, grunt_megastairs_4, uniq_grum,
          uniq_nergalle
Lair:2:   layout_loops_ring
Lair:3:   layout_cave_pods, nicolae_volcano_entry_s_turn, st_stairs_5,
          uniq_gastronok
Abyss:2:  base: D:2, hangedman_abyss_or_decor_passed, lemuel_flamethrower_hall,
          grunt_abyss_exit_deep_breaths, eino_small_chamber_without_monster,
          patterned_corridor
Volcano:  hellmonk_zot_springs

Skill      XL: |  1  2  3  4  5  6  7  8  9 10 11 |
---------------+----------------------------------+-----
Fighting       | 2 3 4 5 6 7 8 |  8.0
Unarmed Combat | 3 4 5 6 7 9 10 11 | 11.5
Armour         | 1 2 3 4 6 |  6.0
Dodging        | 3 4 6 7 8 |  8.0
Ice Magic      | 1 2 3 4 6 7 |  7.1
Spellcasting   | 1 2 3 |  3.1
Throwing       | |  1.7

Action                   |  1- 3 |  4- 6 |  7- 9 | 10-12 || total
-------------------------+-------+-------+-------+-------++-------
Melee: Unarmed           |   157 |   237 |   449 |   539 ||  1382
       Punch             |     3 |     7 |    18 |    52 ||    80
Throw: Dart              |       |       |     3 |       ||     3
 Cast: Ozocubu's Armour  |       |       |     1 |     1 ||     2
Evoke: Wand              |       |       |     2 |     6 ||     8
  Use: Potion            |     4 |       |     1 |     3 ||     8
       Scroll            |       |    11 |     5 |     8 ||    24
 Stab: Sleeping          |     2 |       |       |       ||     2
       Distracted        |       |     1 |       |       ||     1
Armor: Leather armour    |    45 |    49 |    72 |       ||   166
       Skin              |     2 |       |       |       ||     2
       Troll leather arm |       |       |    16 |   162 ||   178
Dodge: Dodged            |   116 |   163 |   350 |   414 ||  1043
Block: Other             |       |       |       |    78 ||    78
       Reflection        |       |       |       |     3 ||     3
